Map: Seeds of Aiur

Players

Infamous - Winner!

  • Race: Protoss Protoss
  • League: Silver
  • Spawn Location: 7:00

RedPyro - Winner!

  • Race: Terran Terran
  • Spawn Location: 7:00

A.I. 2 (Very Easy)

  • Race: Terran Terran
  • Spawn Location: 1:00

A.I. 3 (Very Easy)

  • Race: Terran Terran
  • Spawn Location: 1:00

VOD

Have the link to the VOD?

Description

Time

  • Played on: March 21, 2018, 7:07 p.m.
  • Length: 10:56
Show
View Real Time Build Order
Export as new Build Order

Infamous Protoss - Winner!

Build Orders:  

Get SALT Encoding   

  12  0:01  Probe  
  13  0:13  Probe  
  14  0:19  Pylon  
  14  0:26  Probe  
  15  0:37  Gateway  
  15  0:40  Probe (Chrono Boost)  
  17  0:51  Probe (Chrono Boost)  
  17  0:52  Assimilator  
  17  0:56  Probe (Chrono Boost)  
  18  1:08  Probe  
  19  1:20  Probe  
  19  1:25  Cybernetics Core  
  20  1:29  Assimilator  
  20  1:33  Probe  
  21  1:44  Zealot  
  23  1:53  Pylon  
  23  1:55  Warp Gate (Chrono Boost)  
  23  1:56  Pylon  
  23  2:11  Probe  
  24  2:18  Robotics Facility  
  24  2:23  Gateway  
  24  2:25  Probe  
  24  2:38  Probe  
  25  2:45  Gateway  
  25  2:53  Shield Battery  
  25  2:54  Probe  
  26  3:13  Observer (Chrono Boost)  
  27  3:20  Pylon  
  27  3:21  Probe  
  28  3:34  Probe  
  29  3:44  Robotics Bay  
  29  3:46  Probe  
  29  3:47  Immortal (Chrono Boost)  
  34  3:58  Probe  
  34  4:01  Stalker x2  
  39  4:10  Probe  
  40  4:20  Forge  
  40  4:33  Sentry x2  
  40  4:34  Sentry  
  46  4:41  Probe  
  46  4:44  Pylon  
  47  4:59  Assimilator  
  47  5:02  Probe, Disruptor  
  47  5:03  Nexus  
  51  5:15  Twilight Council  
  51  5:29  Stalker x2  
  55  6:05  Pylon  
  55  6:09  Pylon  
  55  6:14  Pylon  
  55  6:15  Disruptor  
  55  6:16  Probe (Chrono Boost)  
  55  6:18  Probe (Chrono Boost)  
  61  6:26  Probe (Chrono Boost)  
  61  6:29  Probe (Chrono Boost)  
  61  6:30  Pylon  
  62  6:34  Gateway  
  62  6:35  Gateway  
  62  6:39  Stalker x2  
  66  6:48  Probe  
  66  6:49  Probe  
  66  6:53  Immortal  
  72  7:01  Photon Cannon  
  72  7:20  Sentry  
  72  7:21  Sentry x2  
  78  7:32  Gateway  
  78  7:33  Probe x2  
  78  7:37  Colossus (Chrono Boost), Pylon  
  80  7:38  Assimilator  
  86  7:50  Zealot x3  
  86  7:51  Zealot  
  94  8:23  Colossus (Chrono Boost)  
  94  8:25  Probe x2  
  102  8:29  Zealot x2  
  102  8:30  Zealot x2  
  110  9:02  Pylon  
  110  9:03  Pylon  
  110  9:04  Probe  
  110  9:09  Pylon  
  110  9:20  Probe  
  110  9:22  Stalker  
  110  9:23  Stalker x5  
  123  9:46  Probe  
  123  9:47  Probe  
  125  9:54  Probe  
  125  9:57  Sentry x4  
  125  9:58  Sentry  
Show
View Real Time Build Order
Export as new Build Order

RedPyro Terran - Winner!

Build Orders:  

Get SALT Encoding   

  12  0:16  SCV  
  12  0:17  Supply Depot  
  13  0:30  Supply Depot  
  13  0:33  SCV  
  14  0:45  SCV  
  15  0:57  SCV  
  15  0:59  Barracks  
  16  1:10  SCV  
  17  1:22  SCV  
  17  1:25  Refinery  
  18  1:34  SCV  
  19  1:46  SCV  
  20  1:58  SCV  
  21  2:12  SCV  
  21  2:18  Marine  
  22  2:24  SCV, Engineering Bay  
  23  2:36  Marine, SCV  
  25  2:43  Factory  
  25  2:48  SCV  
  26  2:51  Refinery  
  26  2:54  Marine  
  27  3:00  SCV  
  28  3:12  Marine  
  29  3:28  Terran Infantry Weapons Level 1  
  29  3:30  Marine  
  30  3:35  Command Center  
  30  3:47  Marine  
  31  3:52  Factory Tech Lab  
  31  4:32  Marine  
  30  4:50  Marine  
  31  4:54  Barracks  
  31  5:04  SCV  
  32  5:08  Marine  
  33  5:16  SCV  
  33  5:19  Armory  
  34  5:25  Marine  
  36  5:28  SCV  
  36  5:40  SCV  
  37  5:43  Marine  
  37  5:47  Marine  
  39  5:52  SCV  
  40  6:00  Terran Infantry Armor Level 1  
  40  6:01  Marine  
  40  6:03  Engineering Bay  
  41  6:04  SCV  
  41  6:05  Marine  
  43  6:13  Refinery  
  43  6:16  SCV  
  44  6:19  Marine  
  44  6:23  Marine, Terran Vehicle And Ship Armor Level 1  
  46  6:49  Refinery  
  46  7:40  Starport  
  46  7:54  Terran Infantry Weapons Level 2  
  46  7:58  Command Center  
  46  7:59  Terran Infantry Armor Level 2  
  46  8:08  Refinery  
  46  9:08  Supply Depot  
  46  9:09  Marine x2, Medivac  
  53  9:10  Hellbat, SCV  
  53  9:22  SCV  
  54  9:27  Marine x2  
  58  9:31  Hellbat  
  58  9:34  SCV  
  59  9:39  Medivac  
  61  9:46  SCV  
  64  9:53  Hellbat  
  64  9:58  SCV  
  65  10:09  Medivac  
  69  10:14  Hellbat  
  69  10:43  Supply Depot  
Show
View Real Time Build Order
Export as new Build Order

A.I. 2 (Very Easy) Terran 

Build Orders:  

Get SALT Encoding   

  12  0:01  SCV  
  13  0:13  SCV  
  14  0:20  Supply Depot  
  14  0:38  Refinery  
  14  0:47  Barracks  
  14  1:04  Supply Depot  
  14  1:13  Refinery  
  14  1:31  SCV  
  15  1:34  Marine  
  16  1:43  SCV  
  17  1:55  SCV  
  18  2:05  Marine  
  18  2:07  SCV  
  20  2:19  SCV  
  21  2:31  SCV  
  22  2:37  Marine  
  23  2:44  Orbital Command  
  23  5:43  Marine, SCV  
  23  5:45  Factory  
  23  5:48  Supply Depot  
  25  6:09  SCV  
  26  6:12  Supply Depot  
  26  6:16  Barracks Tech Lab  
  26  6:21  SCV  
  27  6:30  Starport  
  25  6:33  SCV  
  25  6:34  Marine  
  26  6:45  SCV  
  27  6:56  Command Center  
  27  7:07  Marine, Starport Tech Lab  
  28  7:26  Raven  
  30  7:40  Marauder  
  32  8:08  SCV  
  32  8:09  Raven  
  35  8:13  Marine  
  35  8:16  SCV  
  37  8:21  Refinery  
  37  8:23  SCV, Refinery  
  38  8:30  SCV  
  39  8:37  SCV  
  40  8:45  SCV  
  41  8:52  SCV  
  42  8:59  SCV  
  43  9:06  SCV  
  44  9:12  Marine  
  44  9:13  SCV  
  46  9:20  SCV  
  31  9:34  Supply Depot  
  31  9:35  SCV  
  32  9:41  Viking  
  31  9:47  SCV  
  26  9:54  Supply Depot  
  26  9:59  SCV  
  21  10:11  SCV  
Show
View Real Time Build Order
Export as new Build Order

A.I. 3 (Very Easy) Terran 

Build Orders:  

Get SALT Encoding   

  12  0:01  SCV  
  13  0:13  SCV  
  14  0:21  Supply Depot  
  14  0:40  Refinery  
  14  0:46  Barracks  
  14  1:06  Supply Depot  
  14  1:15  Refinery  
  14  1:33  Barracks Tech Lab  
  14  1:35  Orbital Command  
  14  1:51  Marine  
  15  2:00  SCV  
  16  2:12  SCV  
  17  2:24  SCV  
  18  2:34  Marine  
  18  2:36  SCV  
  20  2:48  SCV  
  21  3:00  SCV  
  22  3:17  Marauder  
  24  6:29  SCV  
  24  6:30  Marine  
  24  6:32  Supply Depot  
  26  6:34  Factory  
  26  6:38  Command Center  
  26  6:41  SCV  
  27  6:54  SCV  
  28  6:58  Supply Depot  
  28  7:03  Marine  
  28  7:06  SCV  
  26  7:18  SCV  
  26  7:22  Starport  
  27  7:36  Marine  
  28  7:51  SCV  
  29  7:58  SCV  
  29  8:03  Starport Tech Lab, Refinery  
  29  8:04  Refinery  
  30  8:06  SCV  
  30  8:09  Marine  
  32  8:13  SCV  
  33  8:20  SCV  
  33  8:23  Raven  
  36  8:27  SCV  
  37  8:34  SCV  
  38  8:41  Marine, SCV  
  40  8:48  SCV  
  41  8:56  SCV  
  42  9:03  SCV  
  42  9:06  Raven  
  45  9:10  SCV  
  45  9:15  Marauder  
  48  9:17  SCV  
  48  9:19  Supply Depot  
  49  9:25  SCV  
  50  9:32  SCV  
  45  9:39  SCV  
  45  9:43  Marine  
  45  9:47  SCV  
  34  9:54  SCV  
  26  10:01  SCV  
  25  10:12  Viking  
  25  10:16  SCV  
  26  10:28  SCV  
  17  10:40  SCV  
Tags
 
Add a new tag
Caveats
  • Supply blocks, unpowered buildings, or Contaminate may cause inaccurate times.
  • Supply counts are checked every 10 seconds.